 Dungeon Crawl Stone Soup version 0.21.0-22-g11d5b52 (webtiles) character file.

548 HEYYEYAAE the Digger (level 6, 0/48 HPs)
             Began as a Demigod Earth Elementalist on Jan 18, 2018.
             Succumbed to a water moccasin's poison
             ... on level 4 of the Dungeon.
             The game lasted 00:05:10 (2994 turns).

HEYYEYAAE the Digger (Demigod Earth Elementalist)   Turns: 2994, Time: 00:05:10

Health: 0/48       AC:  7    Str:  9 (11) XL:     6   Next: 78%
Magic:  11/14      EV:  9    Int: 25 (28) God:
Gold:   149        SH:  0    Dex: 15 (16) Spells: 11/12 levels left

rFire    . . .     SeeInvis .   j - +1 spear (pierce)
rCold    . . .     Gourm    .   (no shield)
rNeg     . . .     Faith    .   i - +0 scale mail
rPois    .         Spirit   .   (no helmet)
rElec    .         Reflect  .   m - +0 cloak
rCorr    .         Harm     .   (no gloves)
MR       .....                  (no boots)
Stlth    +.........             (no amulet)
HPRegen  0.16/turn              (no ring)
MPRegen  0.14/turn              (no ring)

@: brilliant, lethally poisoned (0 -> -30)
A: high mp 1
a: no special abilities


You were on level 4 of the Dungeon.
You were not hungry.

You visited 1 branch of the dungeon, and saw 4 of its levels.

You collected 149 gold pieces.

Inventory:

Hand Weapons
 g - a +2 whip of venom
 j - a +1 spear of piercing (weapon)
 l - a +0 dagger of flaming
 n - a +0 longbow
Missiles
 b - 48 stones (quivered)
 c - 27 arrows
Armour
 i - a +0 scale mail (worn)
 m - a +0 cloak (worn)
Scrolls
 h - 3 scrolls of teleportation
 o - 2 scrolls of enchant weapon {unknown}
 q - a scroll of noise
Books
 e - a book of Geomancy

   Spells                             Type                      Level
   a - Sandblast                      Earth                        1
   b - Passwall                       Transmutation/Earth          2
   c - Stone Arrow                    Conjuration/Earth            3
   d - Petrify                        Transmutation/Earth          4
   e - Lee's Rapid Deconstruction     Earth                        5
Comestibles
 d - 9 rations


   Skills:
 + Level 2.2 Fighting
 + Level 2.2 Armour
 + Level 3.0 Dodging
 - Level 1.7 Stealth
 * Level 3.7 Spellcasting
   Level 0.8 Transmutations
 * Level 4.5 Earth Magic


You had 11 spell levels left.
You knew the following spells:

 Your Spells              Type           Power        Failure   Level  Hunger
a - Sandblast             Erth           #####.       1%          1    None


Dungeon Overview and Level Annotations

Branches:
Dungeon (4/15)
 Temple: D:4-7


Innate Abilities, Weirdness & Mutations

You have an increased reservoir of magic. (+10% MP)


Message History

Aiming: Sandblast
Press: ? - help, Shift-Dir - straight line, f/p - water moccasin
Aim: a water moccasin (almost dead)
The blast of sand misses the water moccasin.
b - 49 stones
* * * LOW HITPOINT WARNING * * *
You feel sick. The water moccasin barely misses you.
The water moccasin bites you.
* * * LOW HITPOINT WARNING * * *
Casting: Sandblast
Confirm with . or Enter, or press ? or * to list all spells.
Aiming: Sandblast
Press: ? - help, Shift-Dir - straight line, f/p - water moccasin
Aim: a water moccasin (almost dead)
The blast of sand hits the water moccasin.
You kill the water moccasin!
You feel your strength returning.
Your Dodging skill increases to level 3!
b - 48 stones You die...

.####.#############
......# #######
##########
#........#
#.######.# #.# #@#
#.######†#
#.....##.#
#####[##.# #.##.#
#.##.# #.##.#
#############.##.#
..............#


There were no monsters in sight!

Vanquished Creatures
  Sigmund (D:4)
  A water moccasin (D:4)
  A hound (D:4)
  A jelly (D:2)
  An orc wizard (D:3)
  6 adders
  8 gnolls
  3 dart slugs
  3 worms
  A leopard gecko (D:2)
  3 orcs (D:3)
  12 bats
  5 giant cockroaches
  5 goblins
  7 hobgoblins
  4 jackals
  6 kobolds
  A ball python (D:3)
  3 frilled lizards
  5 rats
77 creatures vanquished.

Notes
Turn   | Place    | Note
-------+----------+-------------------------------------------
     0 | D:1      | HEYYEYAAE the Demigod Earth Elementalist began the quest for the Orb.
     0 | D:1      | Reached XP level 1. HP: 14/14 MP: 5/5
   152 | D:1      | Reached XP level 2. HP: 18/20 MP: 1/7
   349 | D:1      | Reached skill level 3 in Earth Magic
   804 | D:2      | Reached XP level 3. HP: 27/27 MP: 6/9
  1195 | D:2      | Reached skill level 1 in Armour
  1290 | D:2      | Reached skill level 1 in Fighting
  1290 | D:2      | Reached XP level 4. HP: 28/35 MP: 5/10
  1669 | D:3      | Found a sacrificial altar of Ru.
  1811 | D:3      | Reached XP level 5. HP: 33/40 MP: 0/12
  2426 | D:3      | Found a shattered altar of Ashenzari.
  2627 | D:4      | Reached skill level 4 in Earth Magic
  2821 | D:4      | Noticed Sigmund
  2828 | D:4      | Killed Sigmund
  2828 | D:4      | Reached XP level 6. HP: 26/48 MP: 6/14
  2978 | D:4      | Noticed a water moccasin
  2994 | D:4      | Killed a water moccasin
  2994 | D:4      | Succumbed to a water moccasin's poison

Skill      XL: |  1  2  3  4  5  6 |
---------------+-------------------+-----
Spellcasting   | 2 3 |  3.7
Earth Magic    | 3 4 |  4.5
Dodging        | 2 3 |  3.0
Armour         | 1 2 |  2.2
Fighting       | 1 2 |  2.2
Stealth        | |  1.7
Transmutations | |  0.8

Action                   |  1- 3 |  4- 6 || total
-------------------------+-------+-------++-------
Melee: Unarmed           |    91 |       ||    91
       Dagger            |     8 |    20 ||    28
       Spear             |       |    16 ||    16
       Whip              |       |     5 ||     5
 Fire: Longbow           |       |     8 ||     8
Throw: Stone             |    13 |    35 ||    48
 Cast: Sandblast         |    46 |    65 ||   111
  Use: Potion            |       |     5 ||     5
       Scroll            |       |     4 ||     4
 Stab: Sleeping          |     4 |       ||     4
       Invisible         |       |     1 ||     1
  Eat: Chunk             |     1 |     6 ||     7
Armor: Robe              |    37 |     2 ||    39
       Scale mail        |       |    34 ||    34
Dodge: Dodged            |   116 |    69 ||   185
       Rpst.: Long sword |       |     1 ||     1
